 Dungeon Crawl Stone Soup version 0.30-a0-55-g90e3122c3a (webtiles) character file.

Game seed: 8389685710226728453

1184 ngirn the Jinx (level 8, -13/36 HPs)
             Began as a Spriggan Enchanter on Sept 10, 2022.
             Mangled by an ogre
             ... wielding a +0 giant club
              (19 damage)
             ... on level 6 of the Dungeon.
             The game lasted 00:13:24 (8122 turns).

ngirn the Jinx (Spriggan Enchanter)                 Turns: 8122, Time: 00:13:25

Health: -13/36     AC:  2    Str:  6    XL:     8   Next: 19%
Magic:  17/20      EV: 17    Int: 23    God:
Gold:   261        SH:  0    Dex: 15    Spells: 11/22 levels left

rFire   . . .      SeeInvis +    a - +1 dagger
rCold   . . .      Faith    .    (no shield)
rNeg    . . .      Spirit   .    b - +0 robe
rPois   .          Reflect  .    (helmet restricted)
rElec   .          Harm     .    (no cloak)
rCorr   +          Rampage  .    (gloves unavailable)
Will    +....                    (boots unavailable)
Stlth   ++++......               (no amulet)
HPRegen 0.12/turn                m - +6 ring of intelligence
MPRegen 0.17/turn                n - ring of resist corrosion

@: very quick
A: very small, no large weapons, unfitting armour, see invisible, speed 3
a: no special abilities


You were on level 6 of the Dungeon.
You visited 1 branch of the dungeon, and saw 6 of its levels.

You collected 445 gold pieces.
You spent 184 gold pieces at shops.

Inventory:

Hand Weapons
 a - a +1 dagger (weapon)
Armour
 b - a +0 robe (worn)
Jewellery
 d - a ring of ice
 m - a +6 ring of intelligence (left hand)
 n - a ring of resist corrosion (right hand)
Wands
 u - a wand of paralysis (5)
 v - a wand of roots (13)
Scrolls
 q - 5 scrolls of teleportation
 r - 2 scrolls of vulnerability
 t - a scroll of butterflies
Potions
 c - 2 potions of invisibility
 e - 2 potions of cancellation
 f - 3 potions of curing
 g - a potion of flight
 h - a potion of ambrosia
 i - 2 potions of haste
 j - a potion of berserk rage
 k - a potion of might
 l - a potion of heal wounds {unknown}
 o - a potion of attraction {unknown}
 p - 2 potions of brilliance
 s - a potion of lignification {unknown}


   Skills:
 - Level 1.1 Short Blades
 - Level 2.6 Dodging
 + Level 8.1 Stealth
 + Level 7.9 Spellcasting
 + Level 8.3 Hexes


You had 11 spell levels left.
You knew the following spells:

 Your Spells              Type           Power      Damage    Failure   Level
a - Ensorcelled Hibernat  Hex/Ice        56%        N/A       1%          2
b - Tukima's Dance        Hex            47%        N/A       1%          3
c - Dazzling Flash        Conj/Hex       56%        N/A       3%          3
d - Confusing Touch       Hex            47%        N/A       1%          3

Your spell library contained the following spells:

 Spells                   Type           Power      Damage    Failure   Level
 Portal Projectile        Hex/Tloc       56%        N/A       3%          3
 Summon Guardian Golem    Hex/Summ       28%        N/A       3%          3
 Magic Dart               Conj           36%        1d4       7%          1
 Sting                    Tmut/Pois      36%        1d4       7%          1
 Blink                    Tloc           18%        N/A       11%         2
 Poisonous Vapours        Pois/Air       18%        N/A       11%         2
 Searing Ray              Conj           18%        2d5       11%         2
 Fulminant Prism          Conj/Hex       14%        3d9       13%         4
 Lesser Beckoning         Tloc           9%         N/A       22%         3
 Olgreb's Toxic Radiance  Pois           9%         N/A       56%         4
 Blade Hands              Tmut           4%         N/A       89%         5
 Manifold Assault         Tloc           9%         N/A       89%         5
 Dispersal                Tloc           4%         N/A       100%        6
 Orb of Destruction       Conj           4%         9d5       100%        7
 Spellforged Servitor     Conj/Summ      4%         N/A       100%        7
 Disjunction              Tloc           4%         N/A       100%        8


Dungeon Overview and Level Annotations

Branches:
Dungeon (6/15)
 Temple: D:4-7

Altars:
Gozag
Makhleb
The Shining One

Shops:
D:1 *

Annotations:
D:6 3 runed translucent doors, Olga's ghost, novice DjNe


Innate Abilities, Weirdness & Mutations

You are very small and have problems with some larger weapons.
You are too small for most types of armour.
You have supernaturally acute eyesight. (SInv)
You cover ground extremely quickly. (Speed+++)


Message History

Unknown command.
Unknown command.
Unknown command.
Unknown command.
Casting: Ensorcelled Hibernation (safe; 2% risk of failure)
Confirm with . or Enter, or press ? or * to list all spells.
Your hands begin to glow red.
Prince Ribbit misses you.
Prince Ribbit blinks!
Prince Ribbit hits you!
You hit Prince Ribbit but do no damage.
Prince Ribbit appears confused.
Prince Ribbit is severely wounded.
Prince Ribbit misses you.
You hit Prince Ribbit.
Prince Ribbit is severely wounded.
Prince Ribbit closely misses you.
You hit Prince Ribbit.
Prince Ribbit is severely wounded.
You hit Prince Ribbit but do no damage.
Prince Ribbit is severely wounded.
Prince Ribbit hits you!
* * * LOW HITPOINT WARNING * * *
You are too injured to fight recklessly!
You hit Prince Ribbit but do no damage.
Prince Ribbit is severely wounded.
Prince Ribbit barely misses you. Prince Ribbit completely misses you.
You catch the helpless Prince Ribbit completely off-guard!
You puncture Prince Ribbit!
You kill Prince Ribbit!
Your Stealth skill increases to level 8!
Your Hexes skill increases to level 8!
You have reached level 8!
Found 5 stones.
Found a stone staircase leading down.
There is a stone staircase leading down here.
Okay, then.
Unknown command.
An ogre comes into view. It is wielding a +0 giant club.
The ogre hits you with a +0 giant club!!
Ouch! That really hurt!
You die...

# #.......#
####.#####.#####
'.............>#
####.#####.#.#.# #
#.# #.#.#.# # #.#
#.#...# #
#.....#.#...###
#####.#.....(.#####
#......@O...#
#.##..#.###.#
#.........
#.##..##### .. ....
# ##..# #..# ...


You could see an ogre.

Vanquished Creatures
  Prince Ribbit (D:6)
  The ghost of ngirn the Sneak, a novice SpEn (D:5)
  A gnoll sergeant (D:5)
  2 necrophages
  A scorpion (D:5)
  A howler monkey (D:4)
  6 hounds
  A gnoll bouda (D:4)
  2 jellies
  10 adders
  2 gnolls (D:5)
  An ufetubus (D:4)
  2 worms (D:2)
  3 dart slugs
  6 orcs
  10 endoplasms
  3 giant cockroaches
  7 goblins
  14 hobgoblins
  3 jackals
  3 quokkas
  10 ball pythons
  5 bats
  3 frilled lizards
  8 kobolds
  9 rats
115 creatures vanquished.

Vanquished Creatures (collateral kills)
  A gnoll (D:5)
  A white imp (D:5)
2 creatures vanquished.

Vanquished Creatures (others)
  2 dancing weapons
  A plant (D:3)
3 creatures vanquished.

Grand Total: 120 creatures vanquished

Notes
Turn   | Place    | Note
-------+----------+-------------------------------------------
     0 | D:1      | ngirn the Spriggan Enchanter began the quest for the Orb.
     0 | D:1      | Reached XP level 1. HP: 9/9 MP: 5/5
   158 | D:1      | Found Byegirph's Assorted Antiques.
   231 | D:1      | Reached XP level 2. HP: 13/13 MP: 7/7
   252 | D:1      | Learned a level 2 spell: Ensorcelled Hibernation
   692 | D:1      | Bought a sapphire potion for 28 gold pieces
   692 | D:1      | Bought a viscous ruby potion for 28 gold pieces
  1144 | D:2      | Reached XP level 3. HP: 16/16 MP: 9/9
  1148 | D:2      | Learned a level 3 spell: Tukima's Dance
  1152 | D:2      | Learned a level 3 spell: Confusing Touch
  2164 | D:2      | Reached XP level 4. HP: 15/21 MP: 11/11
  2418 | D:2      | Reached skill level 5 in Hexes
  3170 | D:1      | Bought a scroll labelled PENA KARYSUUQ for 32 gold pieces
  3170 | D:1      | Bought a scroll of identify for 64 gold pieces
  3170 | D:1      | Bought a scroll labelled LIREGU LIURIFO for 32 gold pieces
  3201 | D:3      | Found a burning altar of Makhleb.
  3558 | D:3      | Learned a level 3 spell: Dazzling Flash
  3723 | D:3      | Found a glowing golden altar of the Shining One.
  4246 | D:4      | Noticed a necrophage
  4251 | D:4      | Reached skill level 5 in Spellcasting
  4251 | D:4      | Reached XP level 5. HP: 9/24 MP: 3/13
  5401 | D:4      | Reached XP level 6. HP: 28/28 MP: 12/15
  5423 | D:4      | Found an opulent altar of Gozag.
  6179 | D:4      | Reached skill level 5 in Stealth
  6645 | D:5      | Entered Level 5 of the Dungeon
  6731 | D:5      | Found a runed translucent door.
  6731 | D:5      | Noticed ngirn's ghost (novice SpEn)
  6756 | D:5      | Killed ngirn's ghost
  6757 | D:5      | Reached XP level 7. HP: 13/32 MP: 16/18
  8053 | D:6      | Found a runed translucent gate.
  8053 | D:6      | Found a runed translucent gate.
  8053 | D:6      | Found a runed translucent gate.
  8054 | D:6      | Noticed Olga's ghost (novice DjNe)
  8084 | D:6      | Noticed Prince Ribbit
  8105 | D:6      | Killed Prince Ribbit
  8106 | D:6      | Reached XP level 8. HP: 5/36 MP: 16/20
  8122 | D:6      | Mangled by an ogre

Illustrated notes

Levels and vault maps discovered:
D:1:      nicolae_arrival_somewhat_less_tricky_arrival, layout_loops_ring,
          serial_shops, nicolae_shop_window_shopping, st_stairs_9,
          minmay_indecisive_spiral
D:2:      minmay_kobold_bridge, layout_loops_corners, hangedman_decor_points,
          minmay_vboxes
D:3:      layout_basic, tso_oasis_becter, overflow_temple_1_default
D:4:      minmay_razor_zed, layout_basic, mainiacjoe_overflow_six_doors_small,
          minmay_crystal_room, amcnicky_mini_corridor_feature
D:5:      layout_rooms, gammafunk_ghost_grave
D:6:      layout_basic, ebering_ghost_rock_garden, portal_sewer_entry_e,
          serial_shops, nicolae_shop_hallway_plus, uniq_prince_ribbit1

Skill      XL: |  1  2  3  4  5  6  7 |
---------------+----------------------+-----
Spellcasting   | 3 4 5 6 7 |  7.9
Hexes          | 4 5 6 7 8 |  8.3
Stealth        | 6 8 |  8.1
Short Blades   | |  1.1
Dodging        | |  2.6

Action                   |  1- 3 |  4- 6 |  7- 9 || total
-------------------------+-------+-------+-------++-------
Melee: Dagger            |   125 |   197 |    43 ||   365
       Punch             |       |     2 |       ||     2
 Cast: Ensorcelled Hiber |    10 |    33 |    14 ||    57
       Confusing Touch   |       |     6 |     3 ||     9
       Tukima's Dance    |       |     1 |     5 ||     6
Evoke: Wand              |       |       |     2 ||     2
  Use: Scroll            |     4 |    10 |     1 ||    15
       Potion            |       |     2 |     1 ||     3
 Stab: Sleeping          |    17 |    25 |    12 ||    54
       Confused          |       |     2 |     2 ||     4
Armor: Robe              |    15 |    15 |     3 ||    33
Dodge: Dodged            |    92 |   153 |    27 ||   272

Table legend: (Time is in decaauts)
 A = Elapsed time spent in this place.
 B = Non-inter-level travel time spent in this place.
 C = Inter-level travel time spent in this place.
 D = Time resting spent in this place.
 E = Time spent auto-exploring this place.
 F = Levels seen in this place.
 G = Mean time per level.
                   A        B        C        D        E       F      G
               +--------+--------+--------+--------+--------+-----+--------+
         Total |   6469 |   6297 |    172 |   1550 |   3693 |   6 | 1078.2 |
       Dungeon |   6469 |   6297 |    172 |   1550 |   3693 |   6 | 1078.2 |
               +--------+--------+--------+--------+--------+-----+--------+

Top non-repeatable levels by time:
     D:4: 1824 daAuts
     D:1: 1543 daAuts
     D:3: 1240 daAuts
     D:2: 919 daAuts
     D:5: 767 daAuts
     D:6: 173 daAuts
